 Dungeon Crawl Stone Soup version 0.16.2-12-gd0ad4c3 (webtiles) character file.

288165 faibistes the Sorcerer (level 19, 0/113 HPs)
             Began as a Deep Elf Wizard on Mar 2, 2018.
             Was the Champion of Sif Muna.
             Slain by Mennas
             ... wielding a +2 eudemon blade of holy wrath
              (2 damage)
             ... on level 2 of the Vaults on Mar 4, 2018.
             The game lasted 04:36:39 (77007 turns).

faibistes the Sorcerer (Deep Elf Wizard)           Turns: 77007, Time: 04:36:40

Health: 0/113      AC: 15    Str:  4    XL:     19   Next: 88%
Magic:  40/65      EV: 17    Int: 32    God:    Sif Muna [******]
Gold:   3220       SH:  0    Dex: 13    Spells: 12 memorised, 3 levels left

rFire  + + .     SeeInvis .     w - staff of power
rCold  x . .     Clarity  .     Q - +2 robe {rC+}
rNeg   . . .     SustAb   .     (no shield)
rPois  .         Gourm    +     q - +2 hat
rElec  .         Spirit   .     K - +2 cloak
rCorr  .         Warding  .     L - +2 pair of gloves
rMut   .         Stasis   .     B - +2 pair of boots
MR     +....                    O - amulet of the gourmand
Stlth  +.........               j - ring of magical power
                                b - ring of wizardry

@: immune to fire clouds (expiring), glowing, silenced, deflect missiles,
somewhat resistant to hostile enchantments, very unstealthy
A: talons 1
a: Renounce Religion
}: 2/15 runes: decaying, gossamer


You were on level 2 of the Vaults.
You worshipped Sif Muna.
Sif Muna was exalted by your worship.
You were full.

You visited 8 branches of the dungeon, and saw 43 of its levels.

You collected 4175 gold pieces.
You spent 955 gold pieces at shops.

Inventory:

Hand weapons
 H - the +2 whip of Departure {slash, *Rage rElec Int+2 Dex+3}
   (You found it on level 2 of the Lair of Beasts)

   It inflicts extra damage upon your enemies.
   It affects your intelligence (+2).
   It affects your dexterity (+3).
   It insulates you from electricity.
   It may make you go berserk in combat.
 I - the +8 scimitar of Valour {freeze, rC+ MP+9 Dex+4}
   (You found it on level 2 of the Elven Halls)

   It has been specially enchanted to freeze those struck by it, causing extra
   injury to most foes and up to half again as much damage against particularly
   susceptible opponents.
   It can also slow down cold-blooded creatures.
   It affects your dexterity (+4).
   It protects you from cold.
   It affects your magic capacity (+9).
Armour
 q - a +2 hat (worn)
 B - a +2 pair of boots (worn)
 K - a +2 cloak (worn)
 L - a +2 pair of gloves (worn)
 Q - a +2 robe of cold resistance (worn)
Magical staves
 w - an uncursed staff of power (weapon)
 x - an uncursed staff of death
Jewellery
 b - a ring of wizardry (left hand)
 h - an uncursed ring of fire
 j - a ring of magical power (right hand)
 C - an uncursed ring of flight
 G - an uncursed ring of see invisible
 O - an amulet of the gourmand (around neck)
 P - an uncursed ring of protection from magic
Magical devices
 a - a wand of fire (9)
 e - a wand of digging (14)
 f - a wand of fireball (3)
 p - a wand of cold (9)
 A - a wand of invisibility (5)
 F - a wand of enslavement (8)
 M - a wand of fire (4)
 U - a wand of teleportation (7)
 V - a wand of hasting (4)
 X - a wand of lightning (8)
Scrolls
 i - 6 scrolls of fear
 k - 8 scrolls of blinking
 l - 6 scrolls of recharging
 o - 3 scrolls of teleportation
 u - 7 scrolls of magic mapping
 v - a scroll of summoning
 y - 4 scrolls of immolation
 D - 2 scrolls of fog
 R - a scroll of holy word
 W - 5 scrolls of remove curse
Potions
 c - a potion of cancellation
 g - 10 potions of haste
 m - a potion of flight
 n - 4 potions of curing
 r - 8 potions of ambrosia
 s - 2 potions of cure mutation
 t - 2 potions of resistance
 J - 11 potions of restore abilities
 N - 6 potions of brilliance
 S - a potion of heal wounds
 T - a potion of invisibility
Books
 E - Sif Muna's Incunabulum of the Unstable Mountains
   (You acquired it on level 2 of the Vaults)

   Spells                             Type                      Level
   a - Sandblast                      Earth                        1
   b - Beastly Appendage              Transmutation                1
   c - Sticks to Snakes               Transmutation                2
   d - Stone Arrow                    Conjuration/Earth            3
   e - Petrify                        Transmutation/Earth          4
   f - Shatter                        Earth                        9
Comestibles
 d - 8 bread rations
 z - 13 meat rations


   Skills:
 + Level 10.8 Fighting
 - Level 10.0 Dodging
 - Level 2.4 Stealth
 * Level 21.7 Spellcasting
 + Level 15.5 Conjurations
 - Level 12.4 Charms
   Level 4.0 Summonings
 - Level 2.1 Necromancy
 * Level 8.2 Translocations
 - Level 3.5 Transmutations
 + Level 15.9 Fire Magic
 - Level 3.8 Air Magic
 * Level 10.8 Earth Magic
 - Level 2.9 Poison Magic
 - Level 10.1 Invocations
 - Level 9.0 Evocations


You had 3 spell levels left.
You knew the following spells:

 Your Spells              Type           Power        Failure   Level  Hunger
a - Iskenderun's Mystic   Conj           #######.     1%          4    None
b - Ring of Flames        Chrm/Fire      ########..   1%          7    #......
c - Iskenderun's Battles  Conj/Chrm      #######.     1%          5    None
d - Blink                 Tloc           N/A          1%          2    None
e - Poisonous Cloud       Conj/Pois/Air  ######....   4%          6    None
f - Deflect Missiles      Chrm/Air       ######....   2%          6    None
h - Haste                 Chrm           #######.     1%          6    None
i - Animate Dead          Necr           N/A          1%          4    None
j - Passwall              Trmt/Erth      ######....   1%          3    None
v - Bolt of Fire          Conj/Fire      ########..   1%          6    None
x - Force Lance           Conj/Tloc      #######.     1%          4    None
z - Fireball              Conj/Fire      ########..   1%          5    None


Dungeon Overview and Level Annotations

Branches:
Dungeon (15/15)            Temple (1/1) D:6            Lair (8/8) D:11
  Swamp (5/5) Lair:5       Spider (5/5) Lair:3        Slime (0/6) Lair:7
    Orc (4/4) D:9             Elf (2/3) Orc:4        Vaults (3/5) D:14
 Depths (0/5) D:15
  Crypt: Vaults:2-3

Altars:
Cheibriados
Dithmenos
Elyvilon
Fedhas
Gozag
Makhleb
Okawaru
Ru
Sif Muna
Trog
Vehumet
Xom
The Shining One
Beogh
Jiyva

Shops:
D:4 =*%[[   D:5 *   D:8 }   D:9 }   D:10 [   Orc:2 ?   Orc:4 !([}[

Portals:
Hell: Lair:8
Trove: D:12 (give 14 scrolls of teleportation)

Annotations:
Lair:3 exclusion: oklob plant
Vaults:2 Mennas


Innate Abilities, Weirdness & Mutations

You are immune to clouds of flame.
You have sharp toenails.


Message History

Mennas is engulfed in roaring flames.
Mennas is engulfed in roaring flames. x2
Mennas hits you with an eudemon blade of holy wrath! x2
Mennas is engulfed in roaring flames.
Mennas is engulfed in roaring flames.
Mennas is engulfed in roaring flames.
Mennas hits you with an eudemon blade of holy wrath! x2
Your ring of flames is guttering out.
Mennas is engulfed in roaring flames.
Mennas is engulfed in roaring flames.
Mennas hits you with an eudemon blade of holy wrath!
* * * LOW HITPOINT WARNING * * *
Mennas hits you with an eudemon blade of holy wrath!
* * * LOW HITPOINT WARNING * * *
Drink which item? (? for menu, Esc to quit)
You feel much better.
Mennas is engulfed in roaring flames.
Mennas hits you with an eudemon blade of holy wrath!!
* * * LOW HITPOINT WARNING * * *
Mennas hits you with an eudemon blade of holy wrath.
You die... #....#...........# ......'...§.......###### .....#...§.......#.#.#§ ...##..§....... #..pp. ..# #§########. #.RppD

#§§......#
#))pD§
#§#......#
#.#§#.
#A#......
###### #@#
..... ####
#§# .....
..... #.#
... +###
#.# . #.#
..# ...
... ...


You could see Mennas.

Vanquished Creatures
  Saint Roka (Swamp:4)
  Nikola (Vaults:1)
  A deep elf blademaster (Elf:2)
  The ghost of faibistes the Eclecticist, a mighty DEWz of Sif Muna (Spider:2)
  A sphinx (Vaults:2)
  Frances (D:14)
  2 thorn hunters
  Roxanne (D:15)
  5 vault wardens
  Donald (Orc:4)
  Wiglaf (Spider:3)
  A deep elf sorcerer (Vaults:2)
  6 emperor scorpions
  A frost giant (D:15)
  An orc warlord (Orc:4)
  5 ghost moths (Spider:5)
  4 ironheart preservers
  2 stone giants
  A deep elf demonologist (Vaults:1)
  A dire elephant (Lair:8)
  11 vault guards
  Josephine (D:10)
  2 fire dragons
  A rakshasa (Vaults:2)
  The ghost of faibistes the Thaumaturge, a powerful DEWz of Sif Muna (Lair:5)
  3 great orbs of eyes
  2 yaktaur captains (Vaults:1)
  7 centaur warriors
  Harold (Lair:7)
  An ice dragon (Vaults:1)
  An ice dragon (shapeshifter) (Vaults:1)
  24 hydras
  The ghost of faibistes the Thaumaturge, a powerful DEWz of Sif Muna (Lair:4)
  Nessos (Swamp:1)
  2 catoblepae
  A ghost crab (Swamp:4)
  Erica (D:10)
  5 ogre magi
  14 dancing weapons (Elf:2)
  18 death yaks
  11 alligators
  2 orc high priests (Orc:4)
  A fire crab (Lair:8)
  17 deep elf knights
  3 wizards
  A sun demon (Lair:8)
  11 swamp dragons
  5 unseen horrors
  An unseen horror (shapeshifter) (Vaults:1)
  3 deep trolls (Vaults:1)
  2 spriggan druids
  4 orc knights
  A lindwurm (Lair:7)
  4 shambling mangroves
  4 ironbrand convokers
  5 deep elf summoners
  9 orb spiders
  2 wolf spider zombies (Spider:3)
  7 griffons
  8 hill giants
  12 deep elf conjurers
  2 sixfirhies
  6 cyclopes
  A moth of wrath (Spider:3)
  21 wolf spiders
  A manticore (D:14)
  6 black mambas
  5 orc sorcerers
  A stone giant skeleton (Vaults:1)
  3 elephants (Lair:7)
  8 ugly things
  11 hornets
  Maurice (D:13)
  Joseph (Orc:4)
  5 vault sentinels
  A gargoyle (D:14)
  24 spiny frogs
  An efreet (D:14)
  4 torpor snails
  7 demonic crawlers
  18 yaktaurs
  5 redback zombies
  4 orange demons (Lair:8)
  3 komodo dragons
  4 kobold demonologists
  A hellwing (Lair:8)
  8 deep elf priests
  3 fire drakes
  A hydra zombie (D:14)
  7 two-headed ogres
  2 freezing wraiths
  A blue devil (Lair:8)
  10 trolls
  3 human zombies
  5 red devils (Lair:8)
  2 trolls (shapeshifter)
  A demonic crawler zombie (Spider:3)
  Sonja (Orc:4)
  14 jumping spiders
  34 slime creatures
  Prince Ribbit (D:8)
  12 ravens
  4 boulder beetles
  2 hornet zombies
  18 blink frogs
  2 baby alligators (Swamp:1)
  4 giant leeches
  2 polar bears (Lair:8)
  12 bog bodies
  A raiju (shapeshifter) (D:13)
  2 fire dragon zombies
  2 tarantella zombies
  4 jumping spider zombies
  A two-headed ogre (shapeshifter) (Vaults:1)
  2 trapdoor spider zombies
  An ice dragon zombie (Vaults:1)
  7 spriggans
  3 ugly thing zombies (Swamp:4)
  13 tarantellas
  19 redbacks
  9 wraiths
  3 basilisks
  4 shadows
  The ghost of faibistes the Magician, an average DEWz of Sif Muna (D:4)
  15 trapdoor spiders
  16 deep elf magi
  3 wyverns
  A water elemental (D:15)
  A hill giant zombie (Vaults:1)
  A human (D:9)
  Grum (D:9)
  4 wargs
  12 wolves
  47 yaks
  26 deep elf fighters
  A golden eye (shapeshifter) (Vaults:2)
  6 mottled dragons
  15 hippogriffs
  2 steam dragons
  25 swamp worms
  2 hungry ghosts
  10 insubstantial wisps
  53 vampire mosquitoes
  29 water moccasins
  3 orb spider zombies (Spider:5)
  A soldier ant (D:13)
  10 porcupines
  A spiny frog zombie (Swamp:5)
  14 swamp drakes
  35 spiders
  9 wasps
  3 sky beasts
  A black bear (D:12)
  5 phantoms
  A black bear (shapeshifter) (D:15)
  4 ice beasts
  5 boring beetles
  26 centaurs
  A boggart (shapeshifter) (Vaults:1)
  26 ogres
  41 orc warriors
  6 necrophages (D:9)
  2 vampire mosquito zombies
  Sigmund (D:6)
  8 boggarts
  A brain worm (D:15)
  17 crocodiles
  A big kobold (shapeshifter) (D:15)
  25 giant frogs
  5 big kobolds
  2 spider zombies (Spider:5)
  An ogre simulacrum (Vaults:1)
  2 water moccasin zombies
  A cyclops zombie (D:14)
  6 scorpions
  14 killer bees
  A spriggan skeleton (Swamp:4)
  An electric eel (D:15)
  6 centaur zombies
  2 giant frog zombies (D:7)
  18 wights
  7 crimson imps
  10 jellies
  A wasp zombie (Swamp:4)
  4 centaur skeletons
  A kobold zombie (Vaults:1)
  34 orc priests
  A soldier ant zombie (D:13)
  11 hounds
  A bog body skeleton (Swamp:4)
  A giant frog skeleton (D:13)
  An elf skeleton (Vaults:1)
  39 orc wizards
  5 killer bee zombies
  4 iguanas
  2 hell rats (Elf:1)
  11 worker ants
  28 sheep
  A sky beast zombie (D:13)
  2 mottled dragon zombies
  A hound skeleton (D:4)
  A hound zombie (D:10)
  5 mummies
  2 worker ant zombies
  22 adders
  A gnoll (D:8)
  21 river rats
  A swamp drake zombie (Swamp:4)
  4 shadow imps
  A giant mite (D:3)
  3 worms
  An adder skeleton (D:4)
  2 adder zombies
  5 giant geckos
  230 orcs
  2 ball pythons
  5 giant cockroaches
  21 goblins
  15 hobgoblins
  13 quokkas
  7 bats
  A giant gecko zombie (D:6)
  6 giant newts
  A giant spore (D:14)
  12 jackals
  26 kobolds
  3 orc zombies
  A quokka zombie (D:7)
  14 rats
  5 ballistomycetes
  2 briar patches
  A bush (Lair:8)
  6 fungi
  3 plants
1798 creatures vanquished.

Vanquished Creatures (collateral kills)
  Arachne (Spider:2)
  An emperor scorpion (Spider:1)
  A vault warden (Vaults:2)
  2 vault guards (D:14)
  5 orb spiders (Spider:5)
  A griffon (Vaults:1)
  3 ugly things (Swamp:4)
  A moth of wrath (Spider:4)
  3 wolf spiders
  A vault sentinel (Vaults:1)
  A centaur zombie (D:12)
  5 demonic crawlers
  A yaktaur (Vaults:1)
  7 jumping spiders
  3 bog bodies (Swamp:4)
  A raven (Swamp:3)
  A giant leech (Swamp:3)
  A boulder beetle (Spider:2)
  A slime creature (Swamp:3)
  5 trapdoor spiders
  2 spriggans (Swamp:4)
  4 redbacks
  A hungry ghost (D:14)
  3 yaks (D:12)
  3 vampire mosquitoes
  A swamp worm (Swamp:4)
  4 insubstantial wisps (Swamp:3)
  2 swamp drakes
  5 spiders
  An orc warrior (Swamp:5)
  3 ogres (Vaults:1)
  2 wasps (Swamp:4)
  A scorpion (Spider:5)
  A killer bee (D:9)
  2 orcs
  2 orc wizards (D:12)
  An orc priest (Swamp:5)
  2 hell rats (Vaults:2)
  A gnoll (D:1)
86 creatures vanquished.

Vanquished Creatures (others)
  A stone giant zombie (Vaults:2)
  5 wolf spider zombies
  A sphinx zombie (Vaults:2)
  3 swamp worm zombies (Swamp:5)
  5 redback zombies
  5 human zombies
  A demonic crawler (Spider:2)
  3 hydra zombies (Swamp:5)
  3 demonic crawler zombies (Spider:5)
  A jumping spider zombie (Spider:2)
  4 trapdoor spider zombies
  A hornet zombie (Swamp:4)
  3 tarantella zombies
  A spriggan zombie (Swamp:4)
  4 orb spider zombies
  A blink frog zombie (Swamp:3)
  9 vampire mosquito zombies
  A swamp dragon skeleton (Swamp:5)
  2 yaktaur zombies (Vaults:1)
  A water moccasin zombie (Swamp:5)
  A cyclops zombie (D:12)
  8 spider zombies
  3 yak zombies (D:12)
  A yak skeleton (D:12)
  A boring beetle zombie (Spider:5)
  3 centaur zombies
  A giant frog zombie (D:15)
  4 elf zombies (Vaults:2)
  5 kobold zombies
  A wasp zombie (Swamp:4)
  A two-headed ogre zombie (Vaults:1)
  A bog body skeleton (Swamp:4)
  3 killer bee zombies (D:14)
  3 big kobold zombies (Vaults:1)
  7 ogre zombies
  A steam dragon zombie (D:12)
  2 swamp drake zombies
  A scorpion zombie (Spider:4)
  An orc (Swamp:5)
  A giant spore (D:15)
  An orc skeleton (Vaults:2)
  6 orc zombies
  A ballistomycete (D:15)
  33 fungi
  21 plants
166 creatures vanquished.

Grand Total: 2050 creatures vanquished

Notes
Turn   | Place    | Note
--------------------------------------------------------------
     0 | D:1      | faibistes, the Deep Elf Wizard, began the quest for the Orb.
     0 | D:1      | Reached XP level 1. HP: 10/10 MP: 6/6
   400 | D:1      | Reached XP level 2. HP: 15/15 MP: 10/10
   406 | D:1      | Learned a level 2 spell: Blink
   409 | D:1      | Learned a level 2 spell: Call Imp
   894 | D:1      | Reached skill level 5 in Spellcasting
   894 | D:1      | Reached XP level 3. HP: 19/19 MP: 14/14
   899 | D:1      | Learned a level 3 spell: Conjure Flame
   903 | D:1      | Learned a level 3 spell: Mephitic Cloud
  2069 | D:3      | Reached XP level 4. HP: 24/24 MP: 17/17
  2079 | D:3      | Learned a level 2 spell: Repel Missiles
  2139 | D:5      | Entered Level 5 of the Dungeon
  2211 | D:3      | Found a sacrificial altar of Ru.
  2482 | D:3      | Found a blossoming altar of Fedhas.
  2672 | D:4      | Found Antad's Food Shop.
  2677 | D:4      | Found Thuant's Antique Armour Boutique.
  2791 | D:4      | Reached XP level 5. HP: 28/28 MP: 11/20
  2924 | D:5      | Reached skill level 6 in Spellcasting
  3127 | D:4      | Found Cla Parch's Antique Armour Shoppe.
  3176 | D:6      | Noticed Sigmund
  3189 | D:6      | Killed Sigmund
  3189 | D:6      | Reached XP level 6. HP: 32/32 MP: 22/22
  3244 | D:4      | Noticed a phantom
  3250 | D:4      | Killed a phantom
  3342 | D:4      | Found Sehid's Jewellery Boutique.
  3349 | D:4      | Bought an uncursed ring of see invisible for 150 gold pieces
  3376 | D:4      | Noticed faibistes' ghost (average DEWz)
  3400 | D:4      | Killed faibistes' ghost
  3400 | D:4      | Reached skill level 1 in Fighting
  3400 | D:4      | Reached skill level 7 in Spellcasting
  3400 | D:4      | Reached skill level 1 in Evocations
  3400 | D:4      | Reached XP level 7. HP: 24/39 MP: 18/25
  3503 | D:4      | Found Staeta's General Store.
  4176 | D:5      | Found Yntiz's Assorted Antiques.
  4286 | D:5      | Bought a scroll labeled BLAGYA CLIKKOU for 29 gold pieces
  4286 | D:5      | Bought a scroll labeled INA FUTYFFIONK for 29 gold pieces
  4335 | D:5      | Found an iron altar of Okawaru.
  4807 | D:5      | Found a glowing golden altar of the Shining One.
  5119 | D:7      | Reached skill level 8 in Spellcasting
  5428 | D:5      | Found a burning altar of Makhleb.
  5477 | D:6      | Noticed an ogre
  5483 | D:6      | Killed an ogre
  5483 | D:6      | Reached skill level 5 in Dodging
  5675 | D:6      | Noticed a centaur
  5690 | D:6      | Killed a centaur
  5690 | D:6      | Reached XP level 8. HP: 43/46 MP: 27/27
  5732 | D:7      | Learned a level 4 spell: Iskenderun's Mystic Blast
  5736 | D:7      | Learned a level 3 spell: Dazzling Spray
  6113 | D:6      | Found a staircase to the Ecumenical Temple.
  6117 | D:6      | Noticed a centaur
  6129 | Temple   | Entered the Ecumenical Temple
  6140 | Temple   | Became a worshipper of Sif Muna the Loreminder
  6182 | D:6      | Killed a centaur
  6558 | D:7      | Reached skill level 1 in Fire Magic
  6558 | D:7      | Reached skill level 1 in Air Magic
  6632 | D:7      | Noticed a deep elf mage
  6642 | D:7      | Killed a deep elf mage
  6642 | D:7      | Acquired Sif Muna's first power
  6642 | D:7      | Reached skill level 9 in Spellcasting
  6642 | D:7      | Reached skill level 1 in Poison Magic
  6994 | D:7      | Found a bloodstained altar of Trog.
  7000 | D:7      | Found an iron altar of Okawaru.
  7054 | D:8      | Noticed Prince Ribbit
  7060 | D:8      | Killed Prince Ribbit
  7060 | D:8      | Reached XP level 9. HP: 51/51 MP: 23/29
  7237 | D:7      | Reached skill level 5 in Conjurations
  7555 | D:8      | Found a white marble altar of Elyvilon.
  7698 | D:9      | Found Klul's Gadget Shop.
  7706 | D:9      | Acquired Sif Muna's second power
  7709 | D:9      | Noticed Grum
  8112 | D:8      | Identified a scroll of acquirement
  8279 | D:9      | Reached skill level 10 in Spellcasting
  8460 | D:9      | Reached skill level 1 in Invocations
  8504 | D:9      | Learned a level 5 spell: Iskenderun's Battlesphere
  8610 | D:9      | Reached skill level 1 in Charms
  8675 | D:10     | Entered Level 10 of the Dungeon
  8935 | D:9      | Reached XP level 10. HP: 56/56 MP: 28/31
  9127 | D:9      | Found an opulent altar of Gozag.
  9191 | D:9      | Killed Grum
 10051 | D:9      | Found a staircase to the Orcish Mines.
 10076 | D:9      | Reached skill level 5 in Fire Magic
 10253 | D:10     | Noticed Josephine
 10259 | D:10     | Killed Josephine
 10262 | D:10     | Reached skill level 11 in Spellcasting
 10265 | D:10     | Acquired Sif Muna's third power
 10709 | D:10     | Found Anial's Armour Shoppe.
 10879 | D:10     | Reached XP level 11. HP: 62/62 MP: 31/33
 10933 | D:10     | Noticed Erica
 10997 | D:10     | Killed Erica
 11317 | D:10     | Noticed a hill giant
 11327 | D:10     | Killed a hill giant
 11624 | D:10     | Noticed a hill giant
 11633 | D:10     | Killed a hill giant
 11666 | D:10     | Reached skill level 5 in Invocations
 12357 | D:11     | Found a staircase to the Lair.
 12595 | D:11     | Noticed a hill giant
 12613 | D:11     | Killed a hill giant
 12676 | D:11     | Found a snail-covered altar of Cheibriados.
 12724 | D:11     | Reached skill level 5 in Evocations
 12726 | D:11     | Reached skill level 5 in Charms
 13007 | D:11     | Reached skill level 12 in Spellcasting
 13282 | D:12     | Noticed a hill giant
 13287 | D:12     | Killed a hill giant
 13819 | D:11     | Reached skill level 5 in Fighting
 13866 | Lair:1   | Entered Level 1 of the Lair of Beasts
 13871 | Lair:1   | Reached skill level 5 in Translocations
 14220 | D:5      | Bought a paperback book for 435 gold pieces
 14515 | Lair:1   | Reached XP level 12. HP: 68/68 MP: 31/35
 15011 | Lair:1   | Received a gift from Sif Muna
 15012 | Lair:1   | Identified Dispater's Volume of Conjuration (Sif Muna gifted it to you on level 1 of the Lair of Beasts)
 15027 | Lair:1   | Learned a level 4 spell: Force Lance
 15557 | Lair:2   | You fall through a shaft!
 15675 | Lair:4   | Noticed faibistes' ghost (powerful DEWz)
 15955 | Lair:2   | Noticed a four-headed hydra
 15966 | Lair:2   | Killed a four-headed hydra
 16018 | Lair:2   | Got a smoking whip
 16019 | Lair:2   | Identified the +2 whip of Departure {slash, *Rage rElec Int+2 Dex+3} (You found it on level 2 of the Lair of Beasts)
 16900 | Lair:2   | Learned a level 6 spell: Haste
 17085 | Lair:3   | Found a hole to the Spider Nest.
 17720 | Lair:3   | Found a blossoming altar of Fedhas.
 17745 | Lair:3   | Reached skill level 13 in Spellcasting
 18646 | Lair:4   | Killed faibistes' ghost
 18972 | Lair:5   | Noticed faibistes' ghost (powerful DEWz)
 18981 | Lair:5   | Killed faibistes' ghost
 19410 | Lair:4   | Reached XP level 13. HP: 73/73 MP: 21/36
 19827 | Lair:4   | Received a gift from Sif Muna
 19828 | Lair:4   | Identified Dunkob's Papyrus of Conjuration (Sif Muna gifted it to you on level 4 of the Lair of Beasts)
 20288 | Lair:5   | Found a staircase to the Swamp.
 20716 | Lair:5   | Noticed a catoblepas
 20722 | Lair:5   | Killed a catoblepas
 22557 | Lair:7   | Found a viscous altar of Jiyva.
 22557 | Lair:7   | Found a staircase to the Slime Pits.
 22628 | Lair:6   | Noticed a four-headed hydra
 22638 | Lair:6   | Killed a four-headed hydra
 22832 | Lair:6   | Reached skill level 14 in Spellcasting
 22938 | Lair:6   | Reached skill level 10 in Fire Magic
 23252 | Lair:8   | Entered Level 8 of the Lair of Beasts
 24053 | Lair:7   | Learned a level 5 spell: Fireball
 24573 | Lair:7   | Reached XP level 14. HP: 80/80 MP: 36/38
 24602 | Lair:7   | Noticed Harold
 24607 | Lair:7   | Killed Harold
 25508 | Lair:8   | Found a deep blue altar of Sif Muna.
 25521 | Lair:8   | Received a gift from Sif Muna
 25522 | Lair:8   | Identified Sif Muna's Volume of Aerial Damage Dealing (Sif Muna gifted it to you on level 8 of the Lair of Beasts)
 27030 | Lair:8   | Reached skill level 10 in Conjurations
 27298 | Lair:8   | Noticed a dire elephant
 27312 | Lair:8   | Killed a dire elephant
 28180 | Lair:8   | Reached skill level 10 in Invocations
 28468 | Lair:8   | Reached skill level 15 in Spellcasting
 28765 | Lair:8   | Found a burning altar of Makhleb.
 29281 | Lair:8   | Found a gateway to Hell.
 29453 | Lair:2   | Learned a level 6 spell: Deflect Missiles
 29551 | Orc:1    | Entered Level 1 of the Orcish Mines
 29657 | Orc:2    | Found Tulewn's Magic Scroll Emporium.
 29672 | Orc:2    | Bought a scroll of fear for 59 gold pieces
 29672 | Orc:2    | Bought a scroll of teleportation for 51 gold pieces
 29672 | Orc:2    | Bought a scroll of enchant weapon for 127 gold pieces
 30893 | Orc:4    | Entered Level 4 of the Orcish Mines
 31576 | Orc:2    | Found a roughly hewn altar of Beogh.
 31986 | Orc:3    | Found a radiant altar of Vehumet.
 32429 | Orc:3    | Received a gift from Sif Muna
 32430 | Orc:3    | Identified Sif Muna's Papyrus of Blistering Combat Magic (Sif Muna gifted it to you on level 3 of the Orcish Mines)
 32670 | Orc:4    | Found Pomiy's Antique Armour Boutique.
 32673 | Orc:4    | Noticed Sonja
 32924 | Orc:4    | Killed Sonja
 33051 | Orc:4    | Found a staircase to the Elven Halls.
 33109 | Orc:4    | Found a roughly hewn altar of Beogh.
 33158 | Orc:4    | Found a roughly hewn altar of Beogh.
 33185 | Orc:4    | Noticed Donald
 33190 | Orc:4    | Killed Donald
 33190 | Orc:4    | Reached XP level 15. HP: 85/85 MP: 25/39
 33287 | Orc:4    | Noticed an orc warlord
 33859 | Orc:4    | Killed an orc warlord
 33859 | Orc:4    | Reached skill level 10 in Dodging
 34383 | Orc:4    | Noticed Joseph
 34387 | Orc:4    | Killed Joseph
 34646 | Orc:4    | Found a roughly hewn altar of Beogh.
 34673 | Orc:4    | Found Pheze's Gadget Shoppe.
 34914 | Orc:4    | Found a roughly hewn altar of Beogh.
 34967 | Orc:4    | Found Viogoobb's Distillery.
 34981 | Orc:4    | Bought a potion of heal wounds for 75 gold pieces
 35028 | Orc:4    | Found Afyur's Antique Armour Boutique.
 35028 | Orc:4    | Found a roughly hewn altar of Beogh.
 35030 | Orc:4    | Found Seint's Antique Weapon Shop.
 35234 | Orc:4    | Found a roughly hewn altar of Beogh.
 35362 | Elf:1    | Entered Level 1 of the Elven Halls
 35952 | Elf:2    | Reached skill level 16 in Spellcasting
 36414 | Elf:1    | Received a gift from Sif Muna
 36416 | Elf:1    | Identified Sif Muna's Grimoire of Supportive Conjuration (Sif Muna gifted it to you on level 1 of the Elven Halls)
 37490 | Elf:2    | Found a runed gate.
 37499 | Elf:2    | Got a scorched morningstar
 37500 | Elf:2    | Identified the +9 morningstar "Bran" {crush, rPois} (You found it on level 2 of the Elven Halls)
 37502 | Elf:2    | Got a dazzling scimitar
 37503 | Elf:2    | Identified the +8 scimitar of Valour {freeze, rC+ MP+9 Dex+4} (You found it on level 2 of the Elven Halls)
 37504 | Elf:2    | Found a runed gate.
 37505 | Elf:2    | Found a runed gate.
 38127 | Elf:2    | Noticed a deep elf blademaster
 38139 | Elf:2    | Killed a deep elf blademaster
 38771 | Elf:2    | Reached XP level 16. HP: 93/93 MP: 21/41
 38827 | Elf:2    | Reached skill level 17 in Spellcasting
 39454 | Lair:2   | Learned a level 5 spell: Bolt of Magma
 39465 | Lair:2   | Learned a level 4 spell: Ice Form
 39736 | Swamp:1  | Entered Level 1 of the Swamp
 39760 | Swamp:1  | Reached skill level 1 in Earth Magic
 40012 | Swamp:1  | Reached skill level 1 in Transmutations
 40345 | Swamp:1  | Noticed Nessos
 40348 | Swamp:1  | Killed Nessos
 40476 | Swamp:2  | Received a gift from Sif Muna
 40481 | Swamp:2  | Identified Sif Muna's Almanac of Conjuration (Sif Muna gifted it to you on level 2 of the Swamp)
 41222 | Swamp:1  | Got a crude greatsling
 41223 | Swamp:1  | Identified the cursed +1 greatsling of Punishment {velocity, rPois Str+4 Int-2} (You found it on level 1 of the Swamp)
 42198 | Lair:2   | Learned a level 6 spell: Bolt of Fire
 42203 | Lair:2   | Learned a level 4 spell: Animate Dead
 42401 | Swamp:3  | Reached skill level 1 in Necromancy
 45233 | Swamp:5  | Entered Level 5 of the Swamp
 45757 | Swamp:4  | Reached skill level 18 in Spellcasting
 46191 | Swamp:4  | Received a gift from Sif Muna
 46192 | Swamp:4  | Identified Proxkunlo's Grimoire of the Compass (Sif Muna gifted it to you on level 4 of the Swamp)
 48147 | Swamp:4  | Reached XP level 17. HP: 85/99 MP: 17/42
 48519 | Spider:1 | Entered Level 1 of the Spider Nest
 49186 | Spider:2 | Noticed faibistes' ghost (mighty DEWz)
 49695 | Spider:2 | Killed faibistes' ghost
 50593 | Spider:2 | Received a gift from Sif Muna
 50594 | Spider:2 | Reached skill level 19 in Spellcasting
 50597 | Spider:2 | Identified Sif Muna's Reference Book on Confrontation and the Volcanoes (Sif Muna gifted it to you on level 2 of the Spider Nest)
 50626 | Spider:2 | Identified Itwicho's Papyrus of Greatest Risks and Utility (You acquired it on level 2 of the Spider Nest)
 50727 | Lair:2   | Learned a level 7 spell: Ring of Flames
 51691 | Spider:3 | Noticed Arachne
 51725 | Spider:2 | Killed Arachne
 51999 | Spider:3 | Noticed Wiglaf
 52003 | Spider:3 | Killed Wiglaf
 53755 | Spider:5 | Entered Level 5 of the Spider Nest
 54012 | Lair:2   | Learned a level 5 spell: Bolt of Magma
 55928 | D:12     | Noticed a tengu warrior
 56028 | D:12     | Found a portal to a secret trove of treasure.
 56275 | D:12     | Noticed a seven-headed hydra
 56286 | D:12     | Killed a seven-headed hydra
 56929 | D:14     | Received a gift from Sif Muna
 56929 | D:14     | Reached skill level 5 in Earth Magic
 56930 | D:14     | Identified Sif Muna's Papyrus of Confrontation (Sif Muna gifted it to you on level 14 of the Dungeon)
 57475 | D:13     | Found an iron altar of Okawaru.
 57479 | D:13     | Noticed Maurice
 57480 | D:13     | Killed Maurice
 57720 | D:14     | Noticed Frances
 57725 | D:14     | Killed Frances
 59556 | D:14     | Found a gate to the Vaults.
 59666 | D:14     | Reached skill level 20 in Spellcasting
 59669 | D:14     | Reached XP level 18. HP: 99/107 MP: 1/43
 60009 | D:15     | Entered Level 15 of the Dungeon
 60815 | D:15     | Reached skill level 15 in Fire Magic
 61145 | D:15     | Noticed Roxanne
 61441 | D:15     | Killed Roxanne
 61485 | D:15     | Identified Roxanne's Incunabulum of Transmutation and Stones (You took it off Roxanne on level 15 of the Dungeon)
 62089 | Lair:2   | Learned a level 3 spell: Passwall
 62262 | D:15     | Found a staircase to the Depths.
 63685 | Swamp:5  | Reached skill level 10 in Charms
 63701 | Swamp:5  | Received a gift from Sif Muna
 63714 | Swamp:5  | Noticed Saint Roka
 63721 | Swamp:5  | Reached skill level 10 in Fighting
 64497 | Swamp:4  | Killed Saint Roka
 65365 | Swamp:5  | Got a decaying rune of Zot
 65497 | Swamp:5  | Gained mutation: You have sharp toenails. [potion of beneficial mutation]
 66458 | Lair:2   | Learned a level 6 spell: Poisonous Cloud
 66892 | Spider:5 | Got a crystal blowgun
 66893 | Spider:5 | Identified the +7 blowgun of Exquisite Death {evade, rN+} (You found it on level 5 of the Spider Nest)
 68812 | Spider:5 | Received a gift from Sif Muna
 68814 | Spider:5 | Identified Sif Muna's Disquisition on the Arsonist and Combat Magic (Sif Muna gifted it to you on level 5 of the Spider Nest)
 69483 | Spider:5 | Got a gossamer rune of Zot
 70027 | Vaults:1 | Entered Level 1 of the Vaults
 70122 | Vaults:1 | Reached XP level 19. HP: 108/113 MP: 42/44
 70750 | Vaults:1 | Reached skill level 21 in Spellcasting
 70949 | Vaults:2 | Reached skill level 15 in Conjurations
 71202 | Vaults:1 | Noticed Nikola
 71214 | Vaults:1 | Killed Nikola
 72608 | Vaults:1 | Received a gift from Sif Muna
 72610 | Vaults:1 | Identified Pnou's Reference Book on Dislocation (Sif Muna gifted it to you on level 1 of the Vaults)
 72946 | Vaults:1 | Reached skill level 10 in Earth Magic
 75414 | Vaults:2 | Identified Sif Muna's Incunabulum of the Unstable Mountains (You acquired it on level 2 of the Vaults)
 76982 | Vaults:2 | Noticed Mennas
 77006 | Vaults:2 | HP: 3/113 [Mennas/eudemon blade of holy wrath (17)]
 77007 | Vaults:2 | Slain by Mennas

Action                   |  1- 3 |  4- 6 |  7- 9 | 10-12 | 13-15 | 16-18 | 19-21 || total
-------------------------+-------+-------+-------+-------+-------+-------+-------++-------
Melee: Dagger            |       |    14 |    95 |   120 |   137 |       |       ||   366
       Scimitar          |       |       |       |       |     6 |     6 |       ||    12
       Unarmed           |       |       |       |       |       |     4 |       ||     4
       Staff             |       |       |       |       |       |    14 |     1 ||    15
 Cast: Magic Dart        |    87 |    76 |   296 |   212 |   207 |    91 |       ||   969
       Call Imp          |     2 |       |       |       |       |       |       ||     2
       Blink             |     1 |       |     2 |     5 |     7 |    12 |     2 ||    29
       Conjure Flame     |     2 |     6 |    26 |    60 |    59 |       |       ||   153
       Mephitic Cloud    |       |     7 |    31 |    23 |     6 |       |       ||    67
       Repel Missiles    |       |     1 |       |     1 |       |       |       ||     2
       Iskenderun's Myst |       |       |    29 |   181 |    48 |     3 |     3 ||   264
       Dazzling Spray    |       |       |     3 |    23 |    27 |       |       ||    53
       Iskenderun's Batt |       |       |       |    33 |    48 |    58 |     1 ||   140
       Force Lance       |       |       |       |    36 |   141 |   139 |    26 ||   342
       Fireball          |       |       |       |       |   393 |   418 |    45 ||   856
       Haste             |       |       |       |       |    14 |    33 |     2 ||    49
       Deflect Missiles  |       |       |       |       |     4 |     6 |     4 ||    14
       Bolt of Fire      |       |       |       |       |       |   358 |   154 ||   512
       Animate Dead      |       |       |       |       |       |   142 |    49 ||   191
       Bolt of Magma     |       |       |       |       |       |     2 |       ||     2
       Ice Form          |       |       |       |       |       |     2 |       ||     2
       Ring of Flames    |       |       |       |       |       |    53 |    23 ||    76
       Poisonous Cloud   |       |       |       |       |       |    12 |    27 ||    39
Invok: Channel Energy    |       |       |    10 |    44 |    63 |   115 |    70 ||   302
       Forget Spell      |       |       |       |       |       |     1 |       ||     1
 Abil: End Transformatio |       |       |       |       |       |     1 |       ||     1
Evoke: Wand              |       |       |       |       |     3 |       |     2 ||     5
  Use: Scroll            |     3 |     3 |    20 |     7 |    10 |    24 |     5 ||    72
       Potion            |       |       |       |     1 |     3 |     9 |     8 ||    21
 Stab: Confused          |       |     1 |     5 |     6 |     1 |       |       ||    13
       Distracted        |       |       |     1 |       |       |       |       ||     1
       Invisible         |       |       |     1 |     5 |     7 |       |       ||    13
       Sleeping          |       |       |       |     1 |     1 |       |       ||     2
  Eat: Chunk             |     3 |     4 |    37 |    38 |    67 |    63 |    32 ||   244
       Beef jerky        |       |       |       |       |     2 |     5 |       ||     7
       Pizza             |       |       |       |       |     2 |     4 |       ||     6
       Bread ration      |       |       |       |       |       |     9 |     1 ||    10
       Fruit             |       |       |       |       |       |     3 |       ||     3
       Royal jelly       |       |       |       |       |       |     1 |       ||     1
